 Dungeon Crawl Stone Soup version 0.30-a0-21-g5d08c37080 (webtiles) character file.

Game seed: 1218640668793183825

10048 Plasmagod the Cleaver (level 11, 0/52 HPs)
             Began as a Vine Stalker Fighter on Aug 24, 2022.
             Was a Follower of Ashenzari.
             Succumbed to Gomnat's ghost's poison
             ... on level 1 of the Lair of Beasts.
             The game lasted 00:19:56 (8653 turns).

Plasmagod the Cleaver (Vine Stalker Fighter)        Turns: 8653, Time: 00:19:57

Health: 0/52       AC: 13    Str: 21    XL:     11   Next: 56%
Magic:  4/21       EV: 12    Int:  8    God:    Ashenzari [*.....]
Gold:   515        SH:  5    Dex: 16    Spells: 10/10 levels left

rFire   + . .      SeeInvis .    f - +1 broad axe (flame)
rCold   . . .      Faith    .    c - +0 buckler "Overhang to Understand" {Comp, Cun} (curse)
rNeg    . . .      Spirit   +    v - +1 scale mail "Ulor" {rElec rF+}
rPois   .          Reflect  .    i - +0 helmet
rElec   +          Harm     .    y - +1 cloak "Esoteric Paranoia" {Comp, Melee} (curse)
rCorr   +          Rampage  .    n - +1 pair of gloves
Will    +....                    (no boots)
Stlth   +++.......               (no amulet)
HPRegen 0.97/turn                g - ring of resist corrosion
MPRegen 0.17/turn                m - ring of magical power

@: lethally poisoned (0 -> -2)
A: fangs 3, regeneration 1, magic shield, antimagic bite, no potion heal 2
a: Renounce Religion, Curse Item, Shatter the Chains


You were on level 1 of the Lair of Beasts.
You worshipped Ashenzari.
Ashenzari was aware of your devotion.
You visited 3 branches of the dungeon, and saw 12 of its levels.

You collected 515 gold pieces.

Inventory:

Hand Weapons
 a - a +0 long sword
 f - a +1 broad axe of flaming (weapon)
Armour
 c - the cursed +0 buckler "Overhang to Understand" (worn) {Comp, Cun}

   It has a curse which improves the following skills: Companions: Summonings
   and Necromancy.
   Cunning:   Dodging and Stealth.
 i - a +0 helmet (worn)
 n - a +1 pair of gloves (worn)
 v - the +1 scale mail "Ulor" (worn) {rElec rF+}
   (You found it on level 8 of the Dungeon)

   rF:        It protects you from fire.
   rElec:     It insulates you from electricity.
 y - the cursed +1 cloak "Esoteric Paranoia" (worn) {Comp, Melee}
   (You took it off Crazy Yiuf on level 4 of the Dungeon)

   It has a curse which improves the following skills: Companions: Summonings
   and Necromancy.
   Melee Combat: Short Blades, Long Blades, Axes, Maces & Flails, Polearms,
   Staves and Unarmed Combat.
Jewellery
 g - a ring of resist corrosion (left hand)
 h - a ring of ice
 m - a ring of magical power (right hand)
Wands
 k - a wand of quicksilver (21)
 q - a wand of charming (2)
 D - a wand of mindburst (7)
 F - a wand of roots (5)
Scrolls
 e - 7 scrolls of teleportation
 p - 2 scrolls of fear
 s - a scroll of enchant weapon
 t - a scroll of magic mapping
 u - a scroll of summoning
 x - a scroll of blinking
Potions
 d - a potion of might
 j - 2 potions of lignification
 l - 2 potions of resistance
 o - a potion of berserk rage
 r - 2 potions of brilliance
 w - 3 potions of invisibility
 z - a potion of ambrosia
 A - a potion of haste
 B - 2 potions of attraction
 C - a potion of cancellation
 E - a potion of magic
Miscellaneous
 b - a box of beasts


   Skills:
 - Level 3.4 Fighting
 - Level 2.6(3.3) Long Blades
 + Level 12.0(12.8) Axes
 - Level 3.3 Armour
 + Level 5.7(6.5) Dodging
 + Level 8.8(9.7) Stealth
 - Level 3.2 Shields
 + Level 3.7(4.9) Summonings
 + Level 3.7(5.0) Necromancy


You had 10 spell levels left.
You didn't know any spells.
Your spell library contained the following spells:

 Spells                   Type           Power      Damage    Failure   Level
 Static Discharge         Conj/Air       0%         3-3/arc   93%         2
 Lightning Bolt           Conj/Air       0%         1d11      100%        5
 Maxwell's Capacitive Co  Air            0%         ∞         100%        8


Dungeon Overview and Level Annotations

Branches:
Dungeon (10/15)            Temple (1/1) D:6            Lair (1/5) D:8
    Orc: D:9-12

Altars:
Ashenzari
Cheibriados
Dithmenos
Elyvilon
Fedhas
Hepliaklqana
Kikubaaqudgha
Makhleb
Nemelex Xobeh
Okawaru
Qazlal
Ru
Sif Muna
Trog
Uskayaw
Vehumet
Wu Jian
Xom
Yredelemnul
The Shining One
Jiyva

Shops:
D:2 (

Annotations:
D:9 3 runed translucent doors, LucemDeus's ghost, journeyman HuNe
Lair:1 Gomnat's ghost, journeyman HuCj


Innate Abilities, Weirdness & Mutations

You have razor-sharp teeth.
Your natural rate of healing is unusually fast.
When hurt, damage is shared between your health and your magic reserves.
Your bite disrupts and absorbs the magic of your enemies.
Potions cannot restore your health.


Message History

You closely miss Gomnat's ghost. Your bite misses Gomnat's ghost.
Gomnat's ghost is lightly damaged.
You feel sick. Gomnat's ghost hits you.
You are more poisoned.
You hit Gomnat's ghost. You burn Gomnat's ghost.
You bite Gomnat's ghost, but do no damage.
Gomnat's ghost is moderately damaged.
You feel very sick.
Gomnat's ghost's magic is no longer disrupted.
Gomnat's ghost hits you.
You are more poisoned.
You closely miss Gomnat's ghost.
You bite Gomnat's ghost, but do no damage.
Gomnat's ghost is moderately damaged.
You feel very sick.
Gomnat's ghost waves its arms in wide circles.
The air twists around and strikes you!
* * * LOW HITPOINT WARNING * * *
You barely miss Gomnat's ghost.
Gomnat's ghost is moderately damaged.
* * * LOW HITPOINT WARNING * * *
You feel very sick.
Gomnat's ghost hits you but does no damage.
You barely miss Gomnat's ghost. Your bite misses Gomnat's ghost.
Gomnat's ghost is moderately damaged.
You feel sick.
Gomnat's ghost waves its arms in wide circles.
The air twists around and strikes you!
* * * LOW HITPOINT WARNING * * *
Okay, then.
You hit Gomnat's ghost but do no damage.
You bite Gomnat's ghost, but do no damage.
Gomnat's ghost is moderately damaged.
* * * LOW HITPOINT WARNING * * *
You feel very sick.
Gomnat's ghost hits you but does no damage.
You hit Gomnat's ghost but do no damage.
You bite Gomnat's ghost, but do no damage.
Gomnat's ghost is lightly damaged.
You die...

#.####.....##⌠##.....###
#.P##.....##...##......##
#.####...##..!..##....P.######
#.# #...#⌠.?♣!.⌠#............
#.# #...##.....##........####
#.# ##...##...##.....#.###
###.# ##...##.##.....####
#...# ##...#W#...#..# #.###
##...@.......# #.P#
####......##.## ##.##
###....[...##..#
#P.######.#............####
##............###.##.#.#.!#
########.P.#####.####...##
#............# #.#..#
##.#.##...##### ####.#
#..####.### #.#


You could see Gomnat's ghost.

Vanquished Creatures
  A hydra (Lair:1)
  2 two-headed ogres
  Pikel (D:8)
  An ugly thing (D:10)
  A black mamba (Lair:1)
  A komodo dragon (Lair:1)
  A rime drake (Lair:1)
  A troll (D:9)
  Grinder (D:4)
  A shadow (D:10)
  A basilisk (Lair:1)
  2 wyverns
  8 yaks
  A steam dragon (D:9)
  7 water moccasins
  An orc warrior (D:10)
  2 black bears (D:6)
  An ogre (D:7)
  4 sky beasts
  6 wolves (Lair:1)
  5 centaurs
  2 lemures (D:8)
  5 bullfrogs
  2 necrophages
  A gnoll sergeant (D:9)
  5 scorpions
  5 killer bees (D:10)
  4 howler monkeys
  2 hounds
  3 iron imps (D:8)
  2 jellies (D:6)
  Crazy Yiuf (D:4)
  3 iguanas (D:5)
  Natasha (D:2)
  9 orc wizards
  11 adders
  5 gnolls
  A white imp (D:4)
  An ufetubus (D:3)
  4 worms
  3 dart slugs
  39 orcs
  6 bats
  4 endoplasms
  A giant cockroach (D:1)
  17 goblins
  11 hobgoblins
  9 jackals
  4 quokkas
  8 ball pythons
  6 frilled lizards
  13 kobolds
  4 rats
  A spectral goblin (D:9)
242 creatures vanquished.

Vanquished Creatures (others)
  2 demonic plants (D:3)
  7 fungi
  5 plants
14 creatures vanquished.

Grand Total: 256 creatures vanquished

Notes
Turn   | Place    | Note
-------+----------+-------------------------------------------
     0 | D:1      | Plasmagod the Vine Stalker Fighter began the quest for the
                  | Orb.
     0 | D:1      | Reached XP level 1. HP: 11/11 MP: 2/2
    76 | D:1      | Reached XP level 2. HP: 12/16 MP: 1/3
   559 | D:1      | Reached XP level 3. HP: 20/20 MP: 4/4
  1142 | D:2      | Noticed Natasha
  1150 | D:2      | Killed Natasha
  1151 | D:2      | Gained mutation: Your natural rate of healing is unusually
                  | fast. [Vine Stalker growth]
  1151 | D:2      | Reached XP level 4. HP: 7/24 MP: 5/5
  1412 | D:2      | Found Buimig's Antique Weapon Boutique.
  1720 | D:3      | Noticed a scorpion
  1727 | D:3      | Killed a scorpion
  1728 | D:3      | Reached skill level 1 in Axes
  1728 | D:3      | Reached XP level 5. HP: 28/28 MP: 6/6
  1861 | D:3      | Found a faded altar of an unknown god.
  1877 | D:3      | Reached skill level 2 in Axes
  2466 | D:4      | Reached XP level 6. HP: 32/32 MP: 7/7
  2557 | D:4      | Found a bloodstained altar of Trog.
  2627 | D:4      | Found a runed translucent door.
  2628 | D:4      | Noticed Crazy Yiuf
  2716 | D:4      | Reached skill level 3 in Axes
  2793 | D:4      | Noticed Grinder
  2802 | D:4      | Killed Grinder
  2803 | D:4      | Reached skill level 4 in Axes
  2803 | D:4      | Reached XP level 7. HP: 36/36 MP: 8/8
  3026 | D:4      | Killed Crazy Yiuf
  3159 | D:5      | Entered Level 5 of the Dungeon
  3167 | D:5      | Reached skill level 5 in Axes
  3565 | D:5      | Found an ornate altar of the Wu Jian Council.
  3565 | D:5      | Found a stormy altar of Qazlal.
  3610 | D:5      | Reached skill level 6 in Axes
  3784 | D:5      | Gained mutation: You have razor-sharp teeth. [Vine Stalker
                  | growth]
  3784 | D:5      | Reached XP level 8. HP: 38/40 MP: 9/9
  4181 | D:6      | Reached skill level 7 in Axes
  4448 | D:6      | Found a basalt altar of Yredelemnul.
  4720 | D:6      | Found a snail-covered altar of Cheibriados.
  4853 | D:6      | Reached skill level 8 in Axes
  4871 | D:6      | Found a staircase to the Ecumenical Temple.
  4881 | Temple   | Entered the Ecumenical Temple
  4890 | Temple   | Became a worshipper of Ashenzari the Shackled
  5243 | D:7      | Found a sparkling altar of Nemelex Xobeh.
  5313 | D:7      | Reached skill level 9 in Axes
  5313 | D:7      | Reached XP level 9. HP: 44/44 MP: 10/10
  5376 | D:7      | Found a shimmering blue altar of Sif Muna.
  5705 | D:7      | Reached skill level 10 in Axes
  6259 | D:8      | Reached skill level 1 in Dodging
  6259 | D:8      | Reached skill level 1 in Stealth
  6265 | D:8      | Found a staircase to the Lair.
  6274 | D:8      | Noticed Pikel
  6288 | D:8      | Killed Pikel
  6302 | D:8      | Found an ancient bone altar of Kikubaaqudgha.
  6460 | D:8      | Identified the +1 scale mail "Ulor" {rElec rF+}
  6462 | D:8      | Found a burning altar of Makhleb.
  6667 | D:9      | Reached XP level 10. HP: 46/49 MP: 11/11
  6748 | D:9      | Found a runed translucent gate.
  6748 | D:9      | Found a runed translucent gate.
  6759 | D:9      | Found a runed translucent gate.
  6759 | D:9      | Noticed LucemDeus's ghost (journeyman HuNe)
  6765 | D:9      | Found a viscous altar of Jiyva.
  6823 | D:9      | Reached skill level 11 in Axes
  6823 | D:9      | Reached skill level 5 in Stealth
  7002 | D:9      | Reached * piety under Ashenzari
  7234 | D:9      | Found a hazy altar of Hepliaklqana.
  7384 | D:10     | Entered Level 10 of the Dungeon
  7392 | D:10     | Noticed a green ugly thing
  7407 | D:10     | Killed a green ugly thing
  7494 | D:10     | Noticed a two-headed ogre
  7505 | D:10     | Killed a two-headed ogre
  7506 | D:10     | Reached skill level 1 in Summonings
  7506 | D:10     | Reached skill level 1 in Necromancy
  7586 | D:10     | Found an iron altar of Okawaru.
  7589 | D:10     | Found a white marble altar of Elyvilon.
  7659 | D:10     | Noticed a two-headed ogre
  7660 | D:10     | Noticed a wizard
  7672 | D:9      | Killed a two-headed ogre
  7673 | D:9      | Reached skill level 5 in Dodging
  7673 | D:9      | Reached XP level 11. HP: 43/52 MP: 12/12
  7738 | Lair:1   | Entered Level 1 of the Lair of Beasts
  7884 | Lair:1   | Found a runed translucent door.
  7884 | Lair:1   | Noticed Gomnat's ghost (journeyman HuCj)
  8190 | Lair:1   | Noticed a seven-headed hydra
  8210 | Lair:1   | Killed a one-headed hydra
  8463 | Lair:1   | Reached skill level 12 in Axes
  8652 | Lair:1   | HP: 1/52 [poisoned by Gomnat's ghost]
  8653 | Lair:1   | Succumbed to Gomnat's ghost's poison

Illustrated notes

Levels and vault maps discovered:
D:1:      nzn_arrival_water_spiral, layout_rooms, kennysheep_doodads
D:2:      layout_loops_ring, serial_shops, shop, uniq_natasha
D:3:      layout_basic, shapermc_ecumenical_altar_gd
D:4:      layout_cave_pools, trog_three_pillars_becter,
          minmay_misc_feat_diagonals, minmay_crossroads, uniq_grinder,
          uniq_crazy_yiuf_cottage
D:5:      layout_loops_corners, jmf_multi_god_temple
D:6:      corexii_shantytown, layout_rooms,
          mainiacjoe_overflow_concentric_impassable, lemuel_round_altar,
          minmay_temple_entry_poolview, kennysheep_nondescript
D:7:      layout_loops_corners, mainiacjoe_overflow_cross_hatched, tgw_sif,
          hangedman_decor_riveting
D:8:      layout_basic, mainiacjoe_overflow_surrounded_room, demons_altar,
          lair_entry_dummy, minmay_misc_feat_roman, uniq_pikel
D:9:      layout_loops_ring, nicolae_hepliaklqana_monster_ancestors,
          gammafunk_ghost_ooze, hangedman_decor_opposing
D:10:     layout_basic, nicolae_overflow_hidden_temple,
          bh_hangedman_babel_library, uniq_erolcha
Temple:   hellmonk_temple_two_chambers
Lair:1:   layout_loops_ring, hellmonk_ghost_happy_afterlife

Skill      XL: |  1  2  3  4  5  6  7  8  9 10 11 |
---------------+----------------------------------+-----
Fighting       | 3 |  3.4
Long Blades    | 2 |  2.6
Shields        | 3 |  3.2
Armour         | 3 |  3.3
Axes           | 1 2 4 6 9 10 11 12 | 12.0
Dodging        | 2 5 |  5.7
Stealth        | 4 7 8 |  8.8
Summonings     | 2 3 |  3.7
Necromancy     | 2 3 |  3.7

Action                   |  1- 3 |  4- 6 |  7- 9 | 10-12 || total
-------------------------+-------+-------+-------+-------++-------
Melee: Long sword        |    63 |       |       |       ||    63
       Bite              |    16 |    34 |    77 |    78 ||   205
       Broad axe         |    12 |   110 |   260 |   232 ||   614
Invok: Curse Item        |       |       |     1 |     1 ||     2
  Use: Scroll            |       |       |    12 |       ||    12
 Stab: Sleeping          |       |       |       |     2 ||     2
Armor: Scale mail        |    31 |    83 |   141 |    93 ||   348
Dodge: Dodged            |    36 |    60 |   105 |   111 ||   312
Block: Buckler           |    12 |    43 |    65 |    52 ||   172

Table legend: (Time is in decaauts)
 A = Elapsed time spent in this place.
 B = Non-inter-level travel time spent in this place.
 C = Inter-level travel time spent in this place.
 D = Time resting spent in this place.
 E = Time spent auto-exploring this place.
 F = Levels seen in this place.
 G = Mean time per level.
                   A        B        C        D        E       F      G
               +--------+--------+--------+--------+--------+-----+--------+
         Total |   8817 |   8512 |    305 |    225 |   6640 |  12 |  734.8 |
       Dungeon |   7883 |   7587 |    296 |    225 |   5896 |  10 |  788.3 |
        Temple |     18 |     10 |      8 |      0 |      0 |   1 |   18.0 |
          Lair |    915 |    915 |      0 |      0 |    744 |   1 |  915.0 |
               +--------+--------+--------+--------+--------+-----+--------+

Top non-repeatable levels by time:
     D:7: 1267 daAuts
     D:5: 1020 daAuts
     D:1: 968 daAuts
  Lair:1: 915 daAuts
     D:9: 800 daAuts
     D:3: 793 daAuts
     D:6: 781 daAuts
     D:2: 768 daAuts
     D:4: 725 daAuts
     D:8: 473 daAuts
    D:10: 285 daAuts
  Temple: 18 daAuts
